 Dungeon Crawl Stone Soup version 0.22.0-5-gf09313c (webtiles) character file.

439 Lew the Skirmisher (level 6, -2/51 HPs)
             Began as a Demonspawn Fighter on Aug 13, 2018.
             Slain by an ogre
             ... wielding a +0 giant club
              (19 damage)
             ... on level 4 of the Dungeon.
             The game lasted 00:08:07 (4049 turns).

Lew the Skirmisher (Demonspawn Fighter)             Turns: 4049, Time: 00:08:09

Health: -2/51      AC: 13    Str: 20    XL:     6   Next: 70%
Magic:  6/6        EV:  7    Int: 10    God:
Gold:   199        SH:  9    Dex: 13    Spells: 5/5 levels left

rFire    + . .     SeeInvis .   a - +0 war axe
rCold    . . .     Gourm    .   c - +0 shield
rNeg     + . .     Faith    .   q - +2 scale mail {rF+}
rPois    .         Spirit   .   (no helmet)
rElec    .         Reflect  .   l - +2 cloak
rCorr    .         Harm     .   r - +0 pair of gloves
MR       .....                  (no boots)
Stlth    ..........             m - amulet of magic regeneration
HPRegen  0.17/turn              b - ring of positive energy
MPRegen  0.35/turn              g - +3 ring of strength

@: no status effects
A: claws 2, talons 1
a: no special abilities


You were on level 4 of the Dungeon.
You were not hungry.

You visited 1 branch of the dungeon, and saw 4 of its levels.

You collected 199 gold pieces.

Inventory:

Hand Weapons
 a - a +0 war axe (weapon)
Armour
 c - a +0 shield (worn)
 l - a +2 cloak (worn)
 q - a +2 scale mail of fire resistance (worn)
 r - a +0 pair of gloves (worn)
Jewellery
 b - a ring of positive energy (left hand)
 e - an uncursed ring of ice
 g - a +3 ring of strength (right hand)
 m - an amulet of magic regeneration (around neck)
Wands
 w - a wand of flame (50)
Scrolls
 h - 2 scrolls of identify
 i - a scroll of enchant armour
 j - 4 scrolls of remove curse
 k - 2 scrolls of teleportation
 n - a scroll of amnesia
 o - a scroll of fog
 u - a scroll of magic mapping
Potions
 d - a potion of might
 p - 3 potions of haste
 s - 3 potions of curing
Comestibles
 f - 6 rations


   Skills:
 * Level 5.3 Fighting
 + Level 3.3 Axes
 + Level 3.9 Armour
 + Level 3.9 Shields


You had 5 spell levels left.
You didn't know any spells.
Your spell library was empty.

Dungeon Overview and Level Annotations

Branches:
Dungeon (4/15)
 Temple: D:4-7

Altars:
Fedhas
Makhleb

Shops:
D:4 %

Annotations:
D:4 2 transporters


Innate Abilities, Weirdness & Mutations

You have very sharp fingernails.
You have sharp toenails.


Message History

The ogre hits you but does no damage.
An ogre is nearby!
You hit the ogre but do no damage. You claw the ogre!
The ogre is moderately wounded.
The ogre hits you with a giant club.
An ogre is nearby!
You hit the ogre. You claw the ogre.
The ogre is heavily wounded.
The ogre hits you with a giant club!!
An ogre is nearby!
You are too injured to fight recklessly!
An ogre is nearby!
An ogre is nearby!
You are too injured to fight recklessly!
An ogre is nearby!
You are too injured to fight recklessly!
You hit the ogre.
The ogre is severely wounded.
The ogre hits you with a giant club!!
You die...

#...###### ####.....#.#
###.### ##.##.#<# #.>...###
#.#..#.# #.......########
#..#...# ##..#..#........#
#.###.## #...#...........#
##.#.## #.#####.........#
##.## #.<.#...........# #..#
##..#..#.@O.....# #.##
##.............# #.#
###.###.......# #.# #.#
#......## #.# #.###.##.#.#
#.# ###### #........#.# #.#
.....###########.#..#.#####.#
...#......# #.#..#.#.....#
###..####.# #.........#### #


You could see an ogre.

Vanquished Creatures
  Blork the orc (D:4)
  A centaur zombie (D:2)
  A howler monkey (D:4)
  A centaur skeleton (D:4)
  An orc priest (D:4)
  2 orc wizards (D:4)
  2 worker ants (D:4)
  6 adders
  An adder skeleton (D:4)
  A worm (D:3)
  3 leopard geckos
  7 orcs
  3 giant cockroaches
  3 goblins
  5 hobgoblins
  7 jackals
  9 kobolds
  3 quokkas
  2 ball pythons (D:1)
  9 bats
  10 frilled lizards
  7 rats
85 creatures vanquished.

Notes
Turn   | Place    | Note
-------+----------+-------------------------------------------
     0 | D:1      | Lew the Demonspawn Fighter began the quest for the Orb.
     0 | D:1      | Reached XP level 1. HP: 18/18 MP: 1/1
   416 | D:1      | Gained mutation: You have sharp toenails. [demonic ancestry]
   416 | D:1      | Reached XP level 2. HP: 23/24 MP: 2/2
   808 | D:2      | Reached XP level 3. HP: 29/29 MP: 3/3
   811 | D:2      | Found a faded altar of an unknown god.
   876 | D:2      | Found a burning altar of Makhleb.
  1147 | D:2      | Gained mutation: You have sharp fingernails. [demonic ancestry]
  1147 | D:2      | Reached XP level 4. HP: 23/37 MP: 4/4
  1466 | D:2      | Reached skill level 4 in Fighting
  2172 | D:3      | Reached XP level 5. HP: 33/42 MP: 5/5
  2240 | D:3      | Found a blossoming altar of Fedhas.
  3041 | D:4      | Found a transporter.
  3068 | D:4      | Gained mutation: You have very sharp fingernails. [demonic ancestry]
  3068 | D:4      | Reached XP level 6. HP: 50/50 MP: 6/6
  3097 | D:4      | Reached skill level 5 in Fighting
  3107 | D:4      | Noticed Blork the orc
  3126 | D:4      | Killed Blork the orc
  3566 | D:4      | Found a transporter.
  3568 | D:4      | Noticed an ice beast
  3931 | D:4      | Found Elloro's Food Shop.
  4049 | D:4      | Slain by an ogre

Skill      XL: |  1  2  3  4  5  6 |
---------------+-------------------+-----
Axes           | 2 3 |  3.3
Shields        | 3 |  3.9
Armour         | 3 |  3.9
Fighting       | 4 5 |  5.3

Action                   |  1- 3 |  4- 6 || total
-------------------------+-------+-------++-------
Melee: War axe           |    90 |   186 ||   276
       Kick              |    14 |    41 ||    55
  Use: Scroll            |     7 |     5 ||    12
       Potion            |     2 |     2 ||     4
  Eat: Ration            |       |     3 ||     3
       Chunk             |       |     1 ||     1
Armor: Scale mail        |    36 |   105 ||   141
Dodge: Dodged            |    25 |    54 ||    79
Block: Shield            |    54 |    77 ||   131
